And, neutral male human Tourist ----------- ----------- ----------- ----------- |.........| |....[....| |.........| ##-.........| |.........| |.........| #-.........| # |.........| |.........| |....(.....#######|..*.......###### |.......*.| |.........| #.........<| |.........| |.........| |..........#######|.........| |.........| |.........| ------.---- ------|---- ---------|- ----------- # ##### ##### # # # ## ## ## -----|----- -|--------- ----.------ |.........| |@........| |..[......| |.........| |[(??!??=+| |.........| |....>....| |%(/!/!+()| |.(.......| |.........| |%(!.!.%:)| |.........| |.........| |[*?.()m@=| |.........| ----------- ----------- ----------- And the Rambler Experience level: 1 Strength: 14 Dexterity: 7 Constitution: 16 Intelligence: 15 Wisdom: 10 Charisma: 16 Health: 0(10) Energy: 2(2) AC: -3 Gold: 819 Moves: 2843 Your Inventory: Coins $ - 819 gold pieces Weapons a - 28 uncursed +2 darts (in quiver) Armor j - an uncursed +0 Hawaiian shirt (being worn) m - a blessed +4 iron skull cap [orcish helm] (being worn) r - an [uncursed] +0 plate mail (being worn) t - an [uncursed] +0 pair of elven boots (being worn) Comestibles b - 6 uncursed food rations e - 2 uncursed tripe rations u - an [uncursed] lichen corpse Scrolls i - 4 uncursed scrolls of magic mapping n - an uncursed scroll labeled LOREN IPSUM [of light] o - an [uncursed] scroll labeled PRIRUTSENIE [of earth] x - an [uncursed] scroll labeled VELOX NEB [of identify] y - an [uncursed] scroll labeled VELOX NEB [of identify] Potions h - 2 uncursed potions of extra healing Wands s - an [uncursed] platinum wand [of striking (0:5)] Tools k - an uncursed expensive camera (0:80) l - an uncursed credit card Spells known in the end: Name Level Category Fail Memory Your skills at the end: Fighting Skills Weapon Skills dart [Basic / Expert] Spellcasting Skills Final Attributes: You were nominally aligned. Hunger level was 123. Your alignment was 0 / 24. Monster difficulty range was 0 - 2. Level difficulty was 3. You were stealthy. You were held by a large mimic. Your luck was zero. You are dead. Vanquished creatures: 2 small mimics an acid blob 5 cave spiders a yellow mold a green mold 2 geckos 10 jackals 4 foxes a goblin 6 sewer rats 9 grid bugs 2 lichens 8 kobold zombies 12 newts 64 creatures vanquished. Voluntary challenges: You were vegetarian. You never hit with a wielded weapon. You read items or engraved 136 times. You put on armor 9 times. You never genocided any monsters. You never polymorphed an object. You never changed form. You used no wishes. You wrote Elbereth's name 105 times. You never encountered a bones level. You never used any Sokoban shortcuts. Dungeon overview: The Dungeons of Doom: levels 1 to 4 Level 1 an altar to The Lady a long staircase Level 2 a tin shop, a fountain stairs to The Gnomish Mines Level 3 <- You were here a general store The Gnomish Mines: Level 3 stairs to The Dungeons of Doom History has recorded: On T:1 you entered the Dungeons of Doom to retrieve the Amulet of Yendor! On T:537 you reached level 2 of The Dungeons of Doom. On T:952 you reached level 1 of The Gnomish Mines. On T:1140 you reached level 3 of The Dungeons of Doom. On T:2717 you reached level 4 of The Dungeons of Doom. Latest messages: You cannot escape from the large mimic! (3x) [HP+1=7] You cannot escape from the large mimic! The large mimic just misses! You cannot escape from the large mimic! (4x) The crocodile bites the large mimic. The crocodile hits the large mimic. The large mimic hits the crocodile. The large mimic just misses! You cannot escape from the large mimic! (2x) The crocodile misses the large mimic. The crocodile hits the large mimic. The large mimic hits the crocodile. You cannot escape from the large mimic! The crocodile picks up 8 magical runed arrows. The crocodile bites the large mimic. The crocodile misses the large mimic. The large mimic misses the crocodile. You cannot escape from the large mimic! The crocodile bites the large mimic. The crocodile misses the large mimic. The large mimic misses the crocodile. The large mimic hits! You die... Asidonhopo gratefully inherits all your possessions. Final status: Aloha And the Tourist... You died in The Dungeons of Doom on dungeon level 3 with 330 points, and 819 pieces of gold, after 2843 moves. You were level 1 with a maximum of 10 hit points when you died.